[Event "Titled Tuesday Blitz October 31 Early 2023"]
[White "Ghosh, Chanchal Kumer"]
[Black "Vila Dupla, Aurelio"]
[WhiteFideId "10201858"]
[BlackFideId "2203383"]
[WhiteElo "1973"]
[BlackElo "2241"]
[Result "0-1"]
[Round "10"]
[TimeControl "180+1"]
[Date "2023.10.31"]
[WhiteClock "0:00:24"]
[BlackClock "0:00:15"]
[Board "130"]

1. e4 c5 2. Nf3 d6 3. d4 cxd4 4. Nxd4 Nf6 5. Nc3 g6 6. f4 Nc6 7. Bb5 Bd7 8. O-O Bg7 9. Bxc6 Bxc6 10. e5 dxe5 11. fxe5 Nd5 12. e6 f5 13. Nxf5 Bxc3 14. bxc3 Qb6+ 15. Kh1 O-O-O 16. Nh6 Nf4 17. Bxf4 Rxd1 18. Raxd1 Qb5 19. Nf7 Qe2 20. Rg1 Bxg2+ 21. Rxg2 Qxd1+ 22. Rg1 Qf3+ 23. Rg2 Rf8 24. Ng5 Qxf4 0-1


[Site "https://www.chess.com"]

[Event "Titled Tuesday Blitz October 31 Early 2023"]
[White "Thomas, Anysia"]
[Black "Desideri, Ricardo Maruchi"]
[WhiteFideId "670472"]
[BlackFideId "2110440"]
[WhiteElo "2231"]
[BlackElo "1961"]
[Result "1-0"]
[Round "10"]
[TimeControl "180+1"]
[Date "2023.10.31"]
[WhiteClock "0:02:38"]
[BlackClock "0:01:16"]
[Board "131"]

1. d4 Nf6 2. c4 c5 3. d5 b5 4. cxb5 e6 5. Nc3 a6 6. bxa6 Bxa6 7. e4 Bxf1 8. Kxf1 Ra6 9. g3 exd5 10. exd5 Be7 11. Kg2 O-O 12. Nf3 Rd6 13. Bf4 Rb6 14. d6 Bxd6 15. Bxd6 Rxb2 16. Bxf8 Qxf8 17. Rb1 1-0


[Site "https://www.chess.com"]

[Event "Titled Tuesday Blitz October 31 Early 2023"]
[White "Mohammadian,Mohammad"]
[Black "Ferrufino, Boris"]
[WhiteFideId "12566055"]
[BlackFideId "3300170"]
[WhiteElo "1888"]
[BlackElo "2170"]
[Result "0-1"]
[Round "10"]
[TimeControl "180+1"]
[Date "2023.10.31"]
[WhiteClock "0:00:12"]
[BlackClock "0:01:46"]
[Board "133"]

1. e4 c5 2. Nf3 d6 3. d4 cxd4 4. Nxd4 Nf6 5. Nc3 g6 6. Be2 Bg7 7. Be3 Nc6 8. Qd2 O-O 9. O-O-O Ng4 10. Bxg4 Bxg4 11. f3 Be6 12. h4 Rc8 13. g4 Ne5 14. Qh2 Nc4 15. Bf2 Qa5 16. Nb3 Qb4 17. Bd4 Nxb2 18. Bxg7 Kxg7 19. Nd5 Bxd5 20. Rxd5 Nc4 21. h5 Qa3+ 22. Kd1 Ne3+ 23. Kd2 Rxc2+ 24. Kxe3 Rxh2 25. Rxh2 Rc8 26. hxg6 hxg6 27. Rdd2 Rc3+ 28. Kf4 a5 29. Rh3 a4 30. Nd4 Rd3 31. Rdh2 Qc1+ 32. Kg3 Rxd4 33. Rh7+ Kf6 34. g5+ Qxg5+ 35. Kf2 Rd2+ 36. Kf1 Rd1+ 37. Ke2 Qd2# 0-1


[Site "https://www.chess.com"]

[Event "Titled Tuesday Blitz October 31 Early 2023"]
[White "Piesik, Piotr"]
[Black "Quirke, Jeffrey"]
[WhiteFideId "1136194"]
[BlackFideId "2013029"]
[WhiteElo "2651"]
[BlackElo "2206"]
[Result "1-0"]
[Round "10"]
[TimeControl "180+1"]
[Date "2023.10.31"]
[WhiteClock "0:01:53"]
[BlackClock "0:00:19"]
[Board "134"]

1. Nf3 Nf6 2. g3 g6 3. Bg2 Bg7 4. O-O O-O 5. d4 d5 6. c4 c6 7. Nc3 dxc4 8. a4 Nbd7 9. a5 e5 10. Nxe5 Nxe5 11. dxe5 Ng4 12. f4 Be6 13. h3 Nh6 14. e4 b5 15. axb6 axb6 16. Rxa8 Qxa8 17. Be3 Rd8 18. Qa1 b5 19. Qxa8 Rxa8 20. g4 Kh8 21. f5 Bd7 22. Rd1 Be8 23. f6 Bf8 24. g5 Ng8 25. Ne2 1-0


[Site "https://www.chess.com"]

[Event "Titled Tuesday Blitz October 31 Early 2023"]
[White "Sarkar, Justin"]
[Black "dontcatchmeifyoucant"]
[WhiteFideId "2010011"]
[WhiteElo "2222"]
[BlackElo "2106"]
[Result "1-0"]
[Round "10"]
[TimeControl "180+1"]
[Date "2023.10.31"]
[WhiteClock "0:00:41"]
[BlackClock "0:00:00"]
[Board "135"]

1. d4 Nf6 2. c4 e6 3. Nc3 Bb4 4. e3 O-O 5. Bd3 d5 6. Nf3 c5 7. O-O cxd4 8. exd4 dxc4 9. Bxc4 b6 10. Qe2 Bb7 11. Rd1 Nbd7 12. d5 exd5 13. Nxd5 Nxd5 14. Bxd5 Bxd5 15. Rxd5 Qc7 16. Qb5 Nf6 17. Rd1 Bc5 18. Bg5 Ne4 19. Bh4 Rfe8 20. Rd7 Qc8 21. Rad1 a6 22. Qb3 Nd6 23. R1xd6 Bxd6 24. Qxf7+ 1-0


[Site "https://www.chess.com"]

[Event "Titled Tuesday Blitz October 31 Early 2023"]
[White "Kiseleva, Arina"]
[Black "leonidsh29"]
[WhiteFideId "4164989"]
[WhiteElo "2207"]
[BlackElo "2046"]
[Result "1-0"]
[Round "10"]
[TimeControl "180+1"]
[Date "2023.10.31"]
[WhiteClock "0:00:36"]
[BlackClock "0:00:00"]
[Board "136"]

1. d4 c5 2. e3 e6 3. Nf3 Nf6 4. Bd3 Be7 5. O-O O-O 6. a3 b6 7. dxc5 bxc5 8. c4 Bb7 9. b3 Nc6 10. Bb2 d5 11. cxd5 exd5 12. Nbd2 Re8 13. Rc1 Bd6 14. Qc2 h6 15. h3 Rc8 16. Nh4 Ne5 17. Nf5 Bf8 18. Be2 Ne4 19. Nxe4 dxe4 20. Qc3 Qf6 21. Ng3 Qg6 22. Bh5 Qg5 23. Rfd1 Nd3 24. Rc2 Bd6 25. Qc4 Bd5 26. Nxe4 Bxe4 27. Qxf7+ Kh8 28. f4 Qxg2+ 29. Rxg2 1-0


[Site "https://www.chess.com"]

[Event "Titled Tuesday Blitz October 31 Early 2023"]
[White "Skiadopoulos, Nikolaos"]
[Black "kingapolak"]
[WhiteFideId "4200772"]
[WhiteElo "1789"]
[BlackElo "2154"]
[Result "0-1"]
[Round "10"]
[TimeControl "180+1"]
[Date "2023.10.31"]
[WhiteClock "0:00:00"]
[BlackClock "0:00:07"]
[Board "137"]

1. b4 Nf6 2. Bb2 g6 3. g4 Bg7 4. Bg2 h6 5. Nf3 d6 6. h3 e5 7. d3 O-O 8. c4 c6 9. e4 Nbd7 10. Qd2 Re8 11. Nc3 Nf8 12. a4 Ne6 13. a5 Nf4 14. Bf1 d5 15. Nxe5 Rxe5 16. Qxf4 Re8 17. f3 Nxe4 18. fxe4 dxc4 19. O-O-O Qe7 20. Na2 cxd3 21. Bxg7 Kxg7 22. Bxd3 Be6 23. Qe5+ f6 24. Qb2 Bxa2 25. Qxa2 Qxb4 26. Rh2 Rad8 27. Rb2 Qc5+ 28. Kb1 Rxe4 29. Rxb7+ Kh8 30. Qf7 Rb4+ 31. Rxb4 Qxb4+ 32. Kc2 Qc5+ 33. Bc4 Qf2+ 0-1


[Site "https://www.chess.com"]

[Event "Titled Tuesday Blitz October 31 Early 2023"]
[White "Simonovic, Miroslav"]
[Black "Vargas, Mauricio"]
[WhiteFideId "919152"]
[BlackFideId "4404572"]
[WhiteElo "2248"]
[BlackElo "1859"]
[Result "1-0"]
[Round "10"]
[TimeControl "180+1"]
[Date "2023.10.31"]
[WhiteClock "0:00:52"]
[BlackClock "0:00:00"]
[Board "138"]

1. d4 d5 2. Bg5 c6 3. e3 h5 4. Bd3 Nf6 5. Bxf6 exf6 6. c4 g6 7. cxd5 Qxd5 8. Nc3 Qxg2 9. Be4 Qg5 10. Nf3 Qh6 11. d5 f5 12. Bc2 Bb4 13. d6 O-O 14. Qd4 Ba5 15. O-O-O Nd7 16. Rhg1 Qg7 17. Qc4 Nf6 18. Nh4 Be6 19. Qa4 Bxc3 20. bxc3 Ne4 21. Bxe4 Qxc3+ 22. Bc2 Qa1+ 23. Kd2 Qe5 24. Qf4 Qa5+ 25. Kc1 Qa3+ 26. Kd2 Qa5+ 27. Ke2 Kg7 28. Nxf5+ Bxf5 29. Bxf5 Qxa2+ 30. Kf3 1-0


[Site "https://www.chess.com"]

[Event "Titled Tuesday Blitz October 31 Early 2023"]
[White "Gyulamiryan-koryun"]
[Black "Garrido, Denis"]
[BlackFideId "601217"]
[WhiteElo "1909"]
[BlackElo "2282"]
[Result "0-1"]
[Round "10"]
[TimeControl "180+1"]
[Date "2023.10.31"]
[WhiteClock "0:00:00"]
[BlackClock "0:01:35"]
[Board "139"]

1. e4 e6 2. d4 d5 3. e5 c5 4. Nf3 cxd4 5. Nxd4 Nc6 6. Bb5 Bd7 7. O-O Nxe5 8. Bxd7+ Qxd7 9. Bf4 Ng6 10. Bg3 Bc5 11. Nb3 Bb6 12. Nc3 N8e7 13. a4 Nf5 14. a5 Nxg3 15. hxg3 Bc7 16. Nc5 Qc6 17. b4 O-O 18. Ne2 Be5 19. c3 b6 20. Na4 bxa5 21. bxa5 Rab8 22. Nd4 Qc4 23. Re1 Rfc8 24. f4 Bc7 25. a6 Ne7 26. Qe2 Bb6 27. Nxb6 Rxb6 28. Qxc4 Rxc4 29. Rec1 Nc6 0-1


[Site "https://www.chess.com"]

[Event "Titled Tuesday Blitz October 31 Early 2023"]
[White "Le, Quang Liem"]
[Black "Pranav, V"]
[WhiteFideId "12401137"]
[BlackFideId "25060783"]
[WhiteElo "3046"]
[BlackElo "3053"]
[Result "1-0"]
[Round "11"]
[TimeControl "180+1"]
[Date "2023.10.31"]
[WhiteClock "0:00:10"]
[BlackClock "0:00:00"]
[Board "1"]

1. Nf3 Nf6 2. c4 g6 3. Nc3 Bg7 4. e4 d6 5. d4 O-O 6. Be2 Nbd7 7. O-O e5 8. Re1 Re8 9. Bf1 a6 10. Rb1 exd4 11. Nxd4 c6 12. b4 Ne5 13. Bb2 Nh5 14. Qd2 b5 15. cxb5 axb5 16. Rbd1 Qb6 17. a3 Bg4 18. Rc1 Rad8 19. Nb3 Be6 20. Na5 c5 21. Nd5 Bxd5 22. exd5 c4 23. a4 Rc8 24. axb5 Qxb5 25. Bxe5 Bxe5 26. Rxc4 Qb6 27. Nc6 Bf6 28. g3 Ng7 29. Rce4 Rxe4 30. Rxe4 Ra8 31. Qe3 Qb7 32. Qf4 Nf5 33. g4 Ra1 34. gxf5 Qb5 35. Rc4 Qxd5 36. fxg6 hxg6 37. Rc1 Rxc1 38. Qxc1 Kg7 39. b5 Qb3 40. Qc4 Qb2 41. Kg2 Qd2 42. Qd3 Qf4 43. Qf3 Qg5+ 44. Kh1 Qc5 45. h3 d5 46. Bd3 d4 47. Kg2 Qg5+ 48. Qg4 Qd5+ 49. Qe4 Qg5+ 50. Kf3 Qh5+ 51. Qg4 Qd5+ 52. Ke2 Qa2+ 53. Kf1 Qb3 54. Qf3 Qe6 55. Kg2 Qb3 56. Qe4 Qc3 57. Bf1 Qc5 58. Qf4 Qd5+ 59. Kg1 d3 60. Nb4 Qxb5 61. Nxd3 Qb1 62. Qf3 Qb8 63. Kg2 Qd6 64. Nf4 Qe5 65. Ne2 Qg5+ 66. Ng3 Be5 67. Qg4 Qe7 68. Qe4 Qd6 69. Ne2 Bf6 70. Ng1 Qc5 71. Nf3 Qc1 72. Bc4 Qa3 73. Qd5 Qe7 74. Nd2 Qa7 75. Ne4 Bh4 76. Qe5+ Kg8 77. Qf4 Bd8 78. Bd5 Qd7 79. Qd6 Qc8 80. Qxg6+ Kh8 81. Qh5+ 1-0


[Site "https://www.chess.com"]

[Event "Titled Tuesday Blitz October 31 Early 2023"]
[White "Kovalev, Vladislav"]
[Black "Nakamura, Hikaru"]
[WhiteFideId "13504398"]
[BlackFideId "2016192"]
[WhiteElo "2913"]
[BlackElo "3232"]
[Result "0-1"]
[Round "11"]
[TimeControl "180+1"]
[Date "2023.10.31"]
[WhiteClock "0:00:00"]
[BlackClock "0:00:25"]
[Board "2"]

1. e4 a6 2. d3 c5 3. g3 g6 4. Bg2 Bg7 5. Nf3 Nc6 6. O-O e5 7. c3 Nge7 8. Be3 d6 9. d4 exd4 10. cxd4 Bg4 11. dxc5 Bxb2 12. Nbd2 dxc5 13. Rb1 Bd4 14. Bxd4 Nxd4 15. Rxb7 O-O 16. h3 Bc8 17. Rb2 Be6 18. e5 Nec6 19. Ne4 Nxf3+ 20. Qxf3 Nxe5 21. Nf6+ Kg7 22. Qxa8 Qxa8 23. Bxa8 Rxa8 24. Ne4 Bxh3 25. Rd1 c4 26. f4 Nd3 27. Rc2 Re8 28. Nd6 Re3 29. Kh2 Be6 30. Rf1 Nb4 31. Rb2 a5 32. f5 Bd5 33. f6+ Kh6 34. Rd2 Rd3 35. Rxd3 Nxd3 0-1


[Site "https://www.chess.com"]

[Event "Titled Tuesday Blitz October 31 Early 2023"]
[White "So, Wesley"]
[Black "Makarian, Rudik"]
[WhiteFideId "5202213"]
[BlackFideId "44105681"]
[WhiteElo "3109"]
[BlackElo "3043"]
[Result "0-1"]
[Round "11"]
[TimeControl "180+1"]
[Date "2023.10.31"]
[WhiteClock "0:00:06"]
[BlackClock "0:00:06"]
[Board "3"]

1. b3 d5 2. Bb2 Bg4 3. h3 Bh5 4. Nf3 Bxf3 5. exf3 Nf6 6. f4 e6 7. Qe2 Nbd7 8. f5 e5 9. g4 Bd6 10. Bg2 O-O 11. g5 Ne4 12. Bxe4 dxe4 13. Rg1 Nc5 14. Nc3 Qd7 15. Qg4 Qc6 16. Qh4 b5 17. f6 b4 18. fxg7 Rfe8 19. Ne2 Ne6 20. O-O-O Nf4 21. Nxf4 exf4 22. Rg4 Qd5 23. Rdg1 Be5 24. Rxf4 Rad8 25. Rd1 Bxf4 26. Qxf4 Re6 27. Qxc7 Rc6 28. Qe5 Rxc2+ 29. Kxc2 Qd3+ 30. Kc1 Rc8+ 31. Bc3 bxc3 32. dxc3 Rxc3+ 33. Kb2 Rc2+ 34. Ka3 Qxd1 35. Qe8+ Kxg7 36. Qe5+ Kf8 37. Qh8+ Ke7 38. Qe5+ Kd7 39. Qf5+ Ke8 40. Qxe4+ Kd8 41. Qxh7 Qd6+ 42. b4 Qa6+ 43. Kb3 Qxa2# 0-1


[Site "https://www.chess.com"]

[Event "Titled Tuesday Blitz October 31 Early 2023"]
[White "Daneshvar, Bardiya"]
[Black "Andreikin, Dmitry"]
[WhiteFideId "12576468"]
[BlackFideId "4158814"]
[WhiteElo "2961"]
[BlackElo "3102"]
[Result "0-1"]
[Round "11"]
[TimeControl "180+1"]
[Date "2023.10.31"]
[WhiteClock "0:00:29"]
[BlackClock "0:00:38"]
[Board "4"]

1. Nf3 Nf6 2. g3 d5 3. Bg2 c6 4. O-O Bf5 5. d3 h6 6. c4 dxc4 7. d4 Nbd7 8. Nbd2 Nb6 9. Ne5 Qxd4 10. Nxc6 bxc6 11. Bxc6+ Bd7 12. Bxa8 Nxa8 13. Qc2 Nb6 14. Nf3 Qe4 15. Qd2 e6 16. Qa5 Qxe2 17. Ne5 Bb4 18. Qxb4 Qxe5 19. Re1 Nfd5 20. Qa5 Qf5 21. Qa3 f6 22. Bd2 Kf7 23. Qxa7 Kg6 24. Qb7 Rc8 25. Qa6 Ra8 26. Qb7 Rc8 27. Qa6 Bc6 28. Qa3 c3 29. Bxc3 Qf3 0-1


[Site "https://www.chess.com"]

[Event "Titled Tuesday Blitz October 31 Early 2023"]
[White "Terry, Renato"]
[Black "Ilamparthi A R"]
[WhiteFideId "3803457"]
[BlackFideId "45015775"]
[WhiteElo "3032"]
[BlackElo "2933"]
[Result "0-1"]
[Round "11"]
[TimeControl "180+1"]
[Date "2023.10.31"]
[WhiteClock "0:00:00"]
[BlackClock "0:00:17"]
[Board "5"]

1. d4 Nf6 2. Nf3 g6 3. Bg5 Bg7 4. c3 O-O 5. Nbd2 d6 6. e4 c5 7. dxc5 dxc5 8. Bc4 Nc6 9. Qe2 Qc7 10. O-O Nh5 11. Rfe1 h6 12. Bh4 Nf4 13. Qe3 b6 14. e5 Ne6 15. Qe4 Rd8 16. Rad1 Na5 17. Qxa8 Bb7 18. Qxa7 Ra8 19. Qxa8+ Bxa8 20. Bxe6 fxe6 21. b3 b5 22. Bg3 Bd5 23. h4 Qc6 24. Bf4 Kh7 25. Re3 Qa8 26. Rde1 c4 27. Nd4 Bxg2 28. Nxe6 Bd5 29. Nxg7 Kxg7 30. e6 cxb3 31. axb3 Nxb3 32. Nxb3 Bxb3 33. Be5+ Kh7 34. Bd4 Qd5 35. Re5 Qf3 36. R1e3 Qg4+ 37. Rg3 Qxh4 38. Rxb5 Bxe6 39. Rb8 g5 40. Rb7 Bd5 41. Rxe7+ Kg6 42. Kf1 Qh1+ 43. Ke2 Bc4+ 44. Kd2 Qb1 45. Re5 Qb2+ 46. Kd1 Bb3+ 47. Ke1 Qc1+ 48. Ke2 Qd1+ 49. Ke3 Bc4 0-1


[Site "https://www.chess.com"]

[Event "Titled Tuesday Blitz October 31 Early 2023"]
[White "Le, Tuan Minh"]
[Black "Pranav Anand"]
[WhiteFideId "12401153"]
[BlackFideId "46626786"]
[WhiteElo "2988"]
[BlackElo "2929"]
[Result "1-0"]
[Round "11"]
[TimeControl "180+1"]
[Date "2023.10.31"]
[WhiteClock "0:00:07"]
[BlackClock "0:00:03"]
[Board "6"]

1. d4 Nf6 2. Nf3 g6 3. Bg5 Ne4 4. Bh4 d5 5. Nbd2 Nd6 6. e3 Bg7 7. c4 Nf5 8. Bg5 c6 9. Bd3 O-O 10. O-O Na6 11. Rc1 Nb4 12. Bb1 a5 13. a3 Na6 14. h3 Nc7 15. Bf4 Na6 16. cxd5 cxd5 17. Qb3 e6 18. Rc3 Ne7 19. Rfc1 Nc6 20. Bd3 f6 21. Bb5 Bd7 22. Bg3 Kh8 23. Ba4 Ra7 24. Bb5 Qa8 25. h4 Rc8 26. h5 g5 27. Bd3 Be8 28. Qb6 Nab8 29. h6 Bxh6 30. Qb3 Bf8 31. Qd1 Nd7 32. e4 Bf7 33. exd5 exd5 34. Bf5 Rd8 35. Bc7 Bg6 36. Qc2 Rc8 37. Bxg6 Rxc7 38. Bxh7 Nb6 39. Bf5 Bg7 40. Nxg5 fxg5 41. Rh3+ Kg8 42. Be6+ Kf8 43. Qf5+ Ke8 44. Nf3 Nc4 45. Bxd5 b5 46. Re1+ Re7 47. Qg6+ Kd8 48. Rc1 Qc8 49. Qxc6 Qxc6 50. Bxc6 Nxb2 51. Nxg5 a4 52. Bxb5 Rab7 53. Bc6 Rbc7 54. d5 Re2 55. Ne6+ Rxe6 56. dxe6 Ke7 57. Rf3 Kxe6 58. Bd5+ Kxd5 59. Rxc7 Be5 60. Rd7+ Ke4 61. Re7 Nc4 62. Rc3 Kd5 63. Rxc4 Bd6 64. Rd7 1-0


[Site "https://www.chess.com"]

[Event "Titled Tuesday Blitz October 31 Early 2023"]
[White "Bharath Subramaniyam H"]
[Black "Shimanov, Aleksandr"]
[WhiteFideId "46634827"]
[BlackFideId "4198603"]
[WhiteElo "2906"]
[BlackElo "2974"]
[Result "1-0"]
[Round "11"]
[TimeControl "180+1"]
[Date "2023.10.31"]
[WhiteClock "0:00:17"]
[BlackClock "0:00:00"]
[Board "7"]

1. e4 e5 2. Nf3 Nc6 3. d4 exd4 4. Nxd4 Qf6 5. Nf3 Bb4+ 6. c3 Bc5 7. Bd3 d6 8. O-O h6 9. h3 Nge7 10. Nbd2 g5 11. Nb3 Bb6 12. Nfd4 g4 13. hxg4 Rg8 14. Be2 Ne5 15. f3 Be6 16. Be3 O-O-O 17. Qd2 d5 18. Bxh6 dxe4 19. Qf4 Qh4 20. Qh2 Qf6 21. g5 Qh8 22. fxe4 N7c6 23. Kh1 Ng4 24. Bxg4 Bxg4 25. Rxf7 Ne5 26. Rf6 Rde8 27. Raf1 Bd7 28. Nd2 Ng4 29. Qh4 Nxf6 30. Rxf6 Bc5 31. Nf5 Bxf5 32. exf5 Be7 33. Re6 Bd8 34. Rxe8 Rxe8 35. Nf3 Qg8 36. f6 Qd5 37. Qg4+ Kb8 38. Qf4 Qd1+ 39. Kh2 Qd5 40. f7 Re4 41. f8=Q Rxf4 42. Qxf4 Be7 43. Qg4 Bd6+ 44. Kh3 b5 45. g6 Qg8 46. g7 Kb7 47. Qe4+ Kb6 48. Qf5 a6 49. Nd4 1-0


[Site "https://www.chess.com"]

[Event "Titled Tuesday Blitz October 31 Early 2023"]
[White "Alexandre, Anne Shopie Elizabeth"]
[Black "Chigaev, Maksim"]
[WhiteFideId "11902418"]
[BlackFideId "4108116"]
[WhiteElo "2847"]
[BlackElo "2931"]
[Result "0-1"]
[Round "11"]
[TimeControl "180+1"]
[Date "2023.10.31"]
[WhiteClock "0:01:14"]
[BlackClock "0:01:26"]
[Board "8"]

1. d4 Nf6 2. c4 g6 3. Nc3 Bg7 4. e4 d6 5. h3 e5 6. dxe5 dxe5 7. Qxd8+ Kxd8 8. Nf3 Nc6 9. Bg5 h6 10. O-O-O+ Bd7 11. Be3 Kc8 12. c5 Be6 13. Bb5 Nd7 14. Nd5 Re8 15. Kb1 f5 16. exf5 gxf5 17. Bxc6 bxc6 18. Nc3 f4 19. Bc1 Bf5+ 20. Ka1 Nxc5 21. Nh4 Bh7 22. g3 a5 23. Rhe1 a4 24. gxf4 Nb3+ 0-1


[Site "https://www.chess.com"]

[Event "Titled Tuesday Blitz October 31 Early 2023"]
[White "Javakhadze, Zurab"]
[Black "Mahdavi, Reza"]
[WhiteFideId "13603647"]
[BlackFideId "12595926"]
[WhiteElo "2818"]
[BlackElo "2928"]
[Result "0-1"]
[Round "11"]
[TimeControl "180+1"]
[Date "2023.10.31"]
[WhiteClock "0:00:04"]
[BlackClock "0:00:32"]
[Board "9"]

1. Nf3 Nf6 2. c4 e6 3. g3 d5 4. Bg2 d4 5. O-O c5 6. e3 Nc6 7. exd4 cxd4 8. d3 Bd6 9. Na3 O-O 10. Re1 h6 11. Nc2 a5 12. b3 e5 13. a3 Bf5 14. Bb2 Re8 15. Qd2 Qb6 16. Rab1 Qxb3 17. Bf1 Qa2 18. Ba1 Bxa3 19. Rxb7 Bb4 20. Nxb4 Qxd2 21. Nxd2 Nxb4 22. f4 exf4 23. Rxe8+ Rxe8 24. Bxd4 fxg3 25. hxg3 Bxd3 26. Bxf6 gxf6 27. Ra7 Re1 28. Kf2 Rd1 29. Bxd3 Rxd2+ 30. Be2 Ra2 31. Ke3 a4 32. Bh5 a3 33. Bxf7+ Kf8 34. c5 Rg2 35. Be6 Rxg3+ 36. Kf4 Rc3 37. Kf5 Nc6 38. Rc7 Nd4+ 39. Kxf6 Rf3+ 40. Ke5 Nb5 41. Rb7 Re3+ 42. Kf6 Rxe6+ 43. Kxe6 a2 44. Kf6 a1=Q+ 45. Ke6 Qe1+ 46. Kd7 Qe8# 0-1


[Site "https://www.chess.com"]

[Event "Titled Tuesday Blitz October 31 Early 2023"]
[White "Mitrabha, Guha"]
[Black "Szpar, Milosz"]
[WhiteFideId "5057000"]
[BlackFideId "1184989"]
[WhiteElo "2853"]
[BlackElo "2740"]
[Result "0-1"]
[Round "11"]
[TimeControl "180+1"]
[Date "2023.10.31"]
[WhiteClock "0:00:10"]
[BlackClock "0:00:13"]
[Board "10"]

1. d4 d5 2. Nf3 Nf6 3. Bf4 c5 4. e3 Nc6 5. Nbd2 e6 6. c3 cxd4 7. exd4 Nh5 8. Be5 f6 9. Bg3 g6 10. Bd3 Bh6 11. O-O O-O 12. Re1 Ne7 13. c4 Nf4 14. Bf1 dxc4 15. Nxc4 Ned5 16. Qb3 b6 17. Rac1 Qd7 18. Ne3 Bb7 19. Bb5 Qf7 20. Bc4 Rac8 21. Ng4 Bg7 22. h3 g5 23. Ne3 h5 24. Bxf4 Nxf4 25. Bf1 Bxf3 26. gxf3 Rcd8 27. Red1 f5 28. Bc4 Bxd4 29. Ng2 Kh7 30. Nxf4 gxf4 31. Bxe6 Qg6+ 32. Kf1 Bxf2 33. Rxd8 Rxd8 34. Rc7+ Kh6 35. Ke2 Be3 36. Bd7 Qg2+ 37. Kd3 Qd2+ 38. Kc4 Rxd7 39. Rc8 Qd5+ 40. Kb4 Qa5+ 41. Kc4 Rd4# 0-1


[Site "https://www.chess.com"]

[Event "Titled Tuesday Blitz October 31 Early 2023"]
[White "Martinez Alcantara, Jose Eduardo"]
[Black "Hambleton, Aman"]
[WhiteFideId "3805662"]
[BlackFideId "2606577"]
[WhiteElo "3115"]
[BlackElo "2815"]
[Result "1-0"]
[Round "11"]
[TimeControl "180+1"]
[Date "2023.10.31"]
[WhiteClock "0:01:44"]
[BlackClock "0:00:00"]
[Board "11"]

1. e4 b6 2. d4 Bb7 3. Bd3 e6 4. Qe2 d5 5. exd5 Qxd5 6. Nf3 Nf6 7. Nbd2 Bd6 8. c3 Nbd7 9. Nc4 Qh5 10. h3 Bxf3 11. Qxf3 Qxf3 12. gxf3 Nd5 13. Nxd6+ cxd6 14. c4 N5f6 15. Bd2 d5 16. b3 O-O 17. O-O Rfc8 18. Rfe1 h6 19. a4 a5 20. Rac1 Rc6 21. f4 g6 22. f5 gxf5 23. Bxh6 Kh7 24. Bf4 Rcc8 25. Kh2 Nf8 26. Be5 N8d7 27. Bf4 Nf8 28. f3 Ng6 29. Bg5 Kg7 30. Rg1 dxc4 31. bxc4 Rd8 32. d5 exd5 33. Bxf5 dxc4 34. Rxc4 Rd5 35. Bb1 Ra7 36. Rc6 Nh7 37. Bc1 Nf8 38. h4 Rh5 39. Kg3 Rxh4 40. Bxg6 1-0


[Site "https://www.chess.com"]

[Event "Titled Tuesday Blitz October 31 Early 2023"]
[White "Mndapoetzz04"]
[Black "Kazakouski, Valery"]
[BlackFideId "13507443"]
[WhiteElo "2761"]
[BlackElo "2871"]
[Result "0-1"]
[Round "11"]
[TimeControl "180+1"]
[Date "2023.10.31"]
[WhiteClock "0:01:22"]
[BlackClock "0:02:16"]
[Board "12"]

1. d4 Nf6 2. Bf4 e6 3. e3 c5 4. Nf3 b6 5. Nbd2 cxd4 6. exd4 Be7 7. Bd3 Ba6 8. Bxa6 Nxa6 9. O-O O-O 10. Re1 d6 11. c3 h6 12. h3 Qd7 13. a4 Nc7 14. Bh2 a6 15. Nc4 Qc6 16. Ne3 b5 17. axb5 axb5 18. Qb3 Rfc8 19. Rxa8 Rxa8 20. d5 Nfxd5 21. Nd4 Qb7 22. Nxd5 Nxd5 23. c4 Nc7 24. cxb5 Bf8 25. Rc1 e5 26. Qc4 exd4 27. Qxc7 Qxc7 0-1


[Site "https://www.chess.com"]

[Event "Titled Tuesday Blitz October 31 Early 2023"]
[White "Madaminov, Mukhiddin"]
[Black "Krzyzanowski, Marcin"]
[WhiteFideId "14210703"]
[BlackFideId "1132199"]
[WhiteElo "2862"]
[BlackElo "2758"]
[Result "1-0"]
[Round "11"]
[TimeControl "180+1"]
[Date "2023.10.31"]
[WhiteClock "0:00:15"]
[BlackClock "0:00:00"]
[Board "13"]

1. d4 Nf6 2. Nc3 d5 3. Bf4 e6 4. Nb5 Bb4+ 5. c3 Ba5 6. a4 a6 7. b4 axb5 8. axb5 Bd7 9. e3 Bxb4 10. cxb4 Rxa1 11. Qxa1 O-O 12. Bd3 Qe8 13. b6 Nc6 14. bxc7 e5 15. Bxe5 Nxb4 16. Bb1 Ng4 17. Nf3 Bb5 18. Qb2 Qc6 19. Bg3 Ra8 20. Kd2 Nd3 21. Bxd3 Bxd3 22. Kxd3 Qc4+ 23. Kd2 Nf6 24. Rc1 Ne4+ 25. Ke1 Ra1 26. Rxa1 h5 27. Rc1 Qa6 28. c8=Q+ Kh7 29. Qf5+ Kh6 30. Bf4+ g5 31. Bxg5+ Kg7 32. Qxd5 Kh7 33. Qxe4+ Kg7 34. d5+ f6 35. Rc7+ Kf8 36. Bh6+ Kg8 37. Qg6+ Kh8 38. Bg7+ Kg8 39. Bxf6+ Kf8 40. Bg7+ Kg8 41. Bh8+ 1-0


[Site "https://www.chess.com"]

[Event "Titled Tuesday Blitz October 31 Early 2023"]
[White "Fier, Alexandr"]
[Black "Ashraf, Artin"]
[WhiteFideId "2107139"]
[BlackFideId "22514805"]
[WhiteElo "2752"]
[BlackElo "2846"]
[Result "0-1"]
[Round "11"]
[TimeControl "180+1"]
[Date "2023.10.31"]
[WhiteClock "0:01:21"]
[BlackClock "0:01:29"]
[Board "14"]

1. e4 c5 2. Nf3 d6 3. d4 cxd4 4. Nxd4 Nf6 5. Nc3 a6 6. Bg5 Nc6 7. Nxc6 bxc6 8. Bc4 Qa5 9. Bxf6 gxf6 10. Bb3 h5 11. Qd2 e6 12. O-O-O h4 13. Kb1 Be7 14. g3 Bd7 15. f4 O-O-O 16. Qe2 Kc7 17. Rd4 hxg3 18. Ra4 Rxh2 19. Rxh2 gxh2 20. Qxh2 Qb6 21. Bc4 Rb8 22. b3 Qd4 23. Qg3 d5 24. Bxa6 Bb4 25. Ne2 Qxe4 26. Bd3 Qh1+ 27. Kb2 Bc5 28. Qg7 Qh5 29. Qxf6 Qh8 30. Qxh8 Rxh8 31. c4 f6 32. b4 Be3 33. c5 Kb7 34. Ba6+ Kb8 35. Bd3 e5 36. fxe5 fxe5 37. Ra6 Rh2 38. Rb6+ Kc7 39. Kb3 e4 40. Ba6 d4 41. Rb7+ Kd8 42. Ng3 Be6+ 43. Bc4 Bxc4+ 44. Kxc4 Rc2+ 45. Kb3 Rc3+ 46. Ka4 Bc1 47. Ka5 Rxg3 48. Kb6 Rg6 49. a4 e3 50. a5 e2 51. a6 e1=Q 52. b5 cxb5+ 53. Ka7 Qa5 54. Rb8+ Ke7 55. Rb7+ Kf8 56. Rb6 Rxb6 57. cxb6 d3 58. b7 Be3+ 59. Kb8 Qd8# 0-1


[Site "https://www.chess.com"]

[Event "Titled Tuesday Blitz October 31 Early 2023"]
[White "Kamsky, Gata"]
[Black "BardArtem"]
[WhiteFideId "2000024"]
[WhiteElo "2835"]
[BlackElo "2724"]
[Result "1-0"]
[Round "11"]
[TimeControl "180+1"]
[Date "2023.10.31"]
[WhiteClock "0:00:50"]
[BlackClock "0:00:01"]
[Board "15"]

1. e4 e5 2. Nf3 Nc6 3. Bb5 Nge7 4. c3 d5 5. d3 dxe4 6. dxe4 Qxd1+ 7. Kxd1 Bd7 8. a4 O-O-O 9. Kc2 a6 10. Be2 f5 11. Ng5 Rg8 12. f3 h6 13. Nh3 fxe4 14. fxe4 g5 15. Be3 Ng6 16. Nf2 Nf4 17. Bf1 Ne6 18. Nd3 Nf4 19. Nd2 Be6 20. g3 Ng6 21. Be2 Be7 22. b4 Rgf8 23. Rhf1 Rxf1 24. Rxf1 Rf8 25. Rb1 Nb8 26. Nc5 Bxc5 27. Bxc5 Rd8 28. Bh5 Nf8 29. Be7 Nc6 30. Bxd8 Kxd8 31. Rf1 Ke7 32. Be2 Nd7 33. Bc4 Nf6 34. Bxe6 Kxe6 35. Kd3 h5 36. Nc4 Nb8 37. Rf5 Nbd7 38. Rxg5 b5 39. axb5 axb5 40. Ne3 c5 41. Nd5 c4+ 42. Ke3 Ng4+ 43. Ke2 Nxh2 44. Rxh5 Ng4 45. Rg5 Nh6 46. Rg6+ Kf7 47. Rxh6 Nf8 48. Rf6+ Kg7 49. Rxf8 Kxf8 50. Nc7 1-0


[Site "https://www.chess.com"]